 Dungeon Crawl Stone Soup version 0.21.1-1-g345015f (webtiles) character file.

133 letownia2 the Chiller (level 5, 0/24 HPs)
             Began as a Vine Stalker Ice Elementalist on Feb 24, 2018.
             Was an Initiate of Sif Muna.
             Slain by a jackal (2 damage)
             ... on level 4 of the Dungeon.
             The game lasted 00:05:07 (757 turns).

letownia2 the Chiller (VSIE)                         Turns: 757, Time: 00:05:08

Health: 0/24       AC:  9    Str: 10    XL:     5   Next: 16%
Magic:  0/9        EV: 11    Int: 16    God:    Sif Muna [......]
Gold:   113        SH:  0    Dex: 15    Spells: 2/8 levels left

rFire    . . .     SeeInvis .   d - +4 hand axe (chop)
rCold    . . .     Gourm    .   (no shield)
rNeg     . . .     Faith    .   q - +0 leather armour
rPois    .         Spirit   +   (no helmet)
rElec    .         Reflect  .   (no cloak)
rCorr    .         Harm     .   (no gloves)
MR       .....                  (no boots)
Stlth    ++........             (no amulet)
HPRegen  0.48/turn              p - +2 ring of slaying
MPRegen  0.11/turn              (no ring)

@: icy armour, slow
A: fangs 2, regeneration 1, magic shield, antimagic bite, no potion heal 3, rot
immunity
a: Renounce Religion


You were on level 4 of the Dungeon.
You worshipped Sif Muna.
Sif Muna was noncommittal.
You were not hungry.

You visited 2 branches of the dungeon, and saw 5 of its levels.

You collected 113 gold pieces.

Inventory:

Hand Weapons
 d - a +4 hand axe of chopping (weapon)
 j - a +2 mace of protection
Missiles
 f - 17 bolts
 g - 2 javelins of returning (quivered)
 n - 6 tomahawks
 r - 40 sling bullets
Armour
 a - a +0 robe
 i - a +0 buckler
 q - a +0 leather armour (worn)
Jewellery
 p - a +2 ring of slaying (left hand)
Scrolls
 e - 5 scrolls of teleportation {unknown}
 o - 3 scrolls of identify {unknown}
 s - a scroll of random uselessness {unknown}
Potions
 h - 2 potions of agility {unknown}
 k - 2 potions of curing {unknown}
 l - a potion of might {unknown}
Books
 b - a book of Frost

   Spells                             Type                      Level
   a - Freeze                         Ice                          1
   b - Throw Frost                    Conjuration/Ice              2
   c - Ozocubu's Armour               Charms/Ice                   3
   d - Throw Icicle                   Conjuration/Ice              4
   e - Summon Ice Beast               Ice/Summoning                4
Comestibles
 c - 7 rations


   Skills:
 - Level 1.5 Dodging
 - Level 2.4 Stealth
 - Level 2.1 Spellcasting
 - Level 1.0 Conjurations
 + Level 2.7 Charms
 - Level 4.8 Ice Magic


You had 2 spell levels left.
You knew the following spells:

 Your Spells              Type           Power        Failure   Level  Hunger
a - Freeze                Ice            ###.         3%          1    #......
f - Throw Frost           Conj/Ice       ##....       13%         2    ###....
o - Ozocubu's Armour      Chrm/Ice       ##......     17%         3    ###....


Dungeon Overview and Level Annotations

Branches:
Dungeon (4/15)             Temple (1/1) D:4

Altars:
Ashenzari
Fedhas
Gozag
Kikubaaqudgha
Makhleb
Nemelex Xobeh
Qazlal
Sif Muna
Trog
Uskayaw
Vehumet
Wu Jian
Xom

Annotations:
D:4 letownia2's ghost, amateur VSWz


Innate Abilities, Weirdness & Mutations

You have extremely sharp teeth.
Your natural rate of healing is unusually fast.
When hurt, damage is shared between your health and your magic reserves.
Your bite disrupts and absorbs the magic of your enemies.
Potions cannot restore your health.
You are immune to rotting.


Message History

The orc wizard is almost dead.
You slash the orc!
You kill the orc!
Sif Muna accepts your kill. The orc wizard hits you with a dagger.
* * * LOW HITPOINT WARNING * * *
The orc wizard hits you but does no damage.
Unknown command.
You barely miss the orc wizard.
You bite the orc wizard, but do no damage.
The orc wizard is almost dead.
The jackal misses you. The orc wizard casts a spell at you.
The magic dart hits you!
* * * LOW HITPOINT WARNING * * *
Unknown command.
You barely miss the orc wizard.
The orc wizard is almost dead.
You hit the jackal. The jackal bites you.
You die...

........# #..........#
........#####..........#
......................##
........#####...(......###
.......## #............#
......## #............#
####### ##............#
#.............#
###)#..@........#
##.).##†oh.......#
#..######........## ##.#
##..........#
#.####...........#
#.........#.#....# ..#..##


You could see an orc wizard and a jackal.

Vanquished Creatures
  2 orc priests (D:4)
  3 gnolls (D:3)
  2 adders
  2 dart slugs
  A leopard gecko (D:2)
  2 orcs (D:4)
  A bat (D:1)
  A giant cockroach (D:2)
  A goblin (D:1)
  5 hobgoblins
  A quokka (D:4)
  2 kobolds
  A rat (D:2)
24 creatures vanquished.

Vanquished Creatures (others)
  A jackal (D:4)
1 creature vanquished.

Grand Total: 25 creatures vanquished

Notes
Turn   | Place    | Note
-------+----------+-------------------------------------------
     0 | D:1      | letownia2 the Vine Stalker Ice Elementalist began the quest for the Orb.
     0 | D:1      | Reached XP level 1. HP: 9/9 MP: 4/4
    56 | D:1      | Reached XP level 2. HP: 8/13 MP: 4/6
   243 | D:2      | Reached skill level 4 in Ice Magic
   243 | D:2      | Reached XP level 3. HP: 11/16 MP: 3/7
   253 | D:2      | Learned a level 3 spell: Ozocubu's Armour
   393 | D:3      | Gained mutation: Your natural rate of healing is unusually fast. [Vine Stalker growth]
   393 | D:3      | Reached XP level 4. HP: 7/21 MP: 4/8
   398 | D:3      | Learned a level 2 spell: Throw Frost
   441 | D:4      | Noticed letownia2's ghost (amateur VSWz)
   580 | D:4      | Found a staircase to the Ecumenical Temple.
   589 | Temple   | Entered the Ecumenical Temple
   627 | Temple   | Became a worshipper of Sif Muna the Loreminder
   750 | D:4      | Reached XP level 5. HP: 12/24 MP: 5/9
   757 | D:4      | Slain by a jackal

Skill      XL: |  1  2  3  4 |
---------------+-------------+-----
Ice Magic      | 4 |  4.8
Charms         | 2 |  2.7
Dodging        | |  1.5
Stealth        | |  2.4
Spellcasting   | |  2.1
Conjurations   | |  1.0

Action                   |  1- 3 |  4- 6 || total
-------------------------+-------+-------++-------
Melee: Hand axe          |    39 |    16 ||    55
       Bite              |     6 |     3 ||     9
 Cast: Freeze            |    11 |     3 ||    14
       Ozocubu's Armour  |     1 |     1 ||     2
       Throw Frost       |       |     1 ||     1
 Stab: Sleeping          |     2 |     1 ||     3
Armor: Robe              |     8 |       ||     8
       Leather armour    |       |     4 ||     4
Dodge: Dodged            |    26 |    11 ||    37
